 Dungeon Crawl Stone Soup version 0.29.1-15-g9cfb28693d (webtiles) character file.

Game seed: 6533037228614889937

8 vishdafish the Conjurer (level 2, 19/19 HPs)
             Began as a Demonspawn Conjurer on Mar 29, 2023.
             Quit the game on level 1 of the Dungeon.
             The game lasted 00:00:28 (514 turns).

vishdafish the Conjurer (Demonspawn Conjurer)        Turns: 514, Time: 00:00:29

Health: 19/19      AC:  2    Str:  7    XL:     2   Next: 0%
Magic:  5/5        EV: 12    Int: 19    God:
Gold:   5          SH:  0    Dex: 11    Spells: 4/5 levels left

rFire   . . .      SeeInvis .   h - +4 sling
rCold   . . .      Faith    .   (no shield)
rNeg    . . .      Spirit   .   a - +0 robe
rPois   .          Reflect  .   (no helmet)
rElec   .          Harm     .   (no cloak)
rCorr   .          Rampage  .   (no gloves)
Will    .....                   (no boots)
Stlth   ++........              (no amulet)
HPRegen 0.06/turn               (no ring)
MPRegen 0.09/turn               (no ring)

@: no status effects
A: ignite blood 1
a: no special abilities


You were on level 1 of the Dungeon.
You visited 1 branch of the dungeon, and saw 1 of its levels.

You collected 5 gold pieces.

Inventory:

Hand Weapons
 d - a +0 dagger
 h - a +4 sling (weapon)
Armour
 a - a +0 robe (worn)
Scrolls
 e - a scroll of identify {unknown}
 i - a scroll of magic mapping {unknown}
 j - a scroll of fog {unknown}
Potions
 b - a potion of magic
 c - a potion of mutation {unknown}
 f - 2 potions of heal wounds {unknown}
 g - a potion of cancellation {unknown}


   Skills:
 + Level 0.1 Ranged Weapons
 - Level 1.9 Dodging
 - Level 2.0 Stealth
 + Level 2.1 Spellcasting
 + Level 4.1 Conjurations


You had 4 spell levels left.
You knew the following spells:

 Your Spells              Type           Power      Damage    Failure   Level
a - Magic Dart            Conj           68%        1d6       3%          1

Your spell library contained the following spells:

 Spells                   Type           Power      Damage    Failure   Level
 Searing Ray              Conj           34%        2d5       4%          2
 Dazzling Flash           Conj/Hex       18%        N/A       22%         3
 Fulminant Prism          Conj/Hex       4%         3d6       56%         4
 Iskenderun's Mystic Bla  Conj/Tloc      9%         2d4       56%         4


Dungeon Overview and Level Annotations

Branches:
Dungeon (1/15)

Altars:


Innate Abilities, Weirdness & Mutations

Your demonic aura sometimes causes spilled blood to erupt in flames.


Message History

You kill the quokka!
No target in view!
No target in view!
There is an open door here.
You open the door.
There is an open door here.
A kobold comes into view. It is wielding a +0 club.
You shoot a sling bullet. The sling bullet hits the kobold.
You kill the kobold!
Your Stealth skill increases to level 2!
No target in view!
No target in view!
Things that are here:
a +0 club; a kobold corpse
Found a faded altar of an unknown god.
No target in view!
No target in view!
No target in view!
You now have 5 gold pieces.
There is a dry fountain here.
There is a dry fountain here.
Found a hand axe.
A bat comes into view.
A bat is nearby!
A bat is nearby!
You shoot a sling bullet. The sling bullet hits the bat.
You kill the bat!
No target in view!
No target in view!
f - 2 bubbling silvery potions (gained 1)
A rat comes into view.
A rat is nearby!
You shoot a sling bullet. The sling bullet hits the rat.
You kill the rat!
You have reached level 2!
Your demonic ancestry asserts itself...
Your blood heats up.
j - a scroll labelled MOUSENUDWU A rat comes into view.
Are you sure you want to abandon this character and quit the game? (Confirm with "yes".)

# ##### .# #.... #.... ######
###.### #...) #....
.....#######.....# ..PP.######
......#......###.#####.#...#_#..#
####..#.####.# #....r...$P~#.#..#
#.......# #.###@# #P~....
#.##..### #.....# #P..⌠.P #.##..#
###.### #..⌠⌠⌠. ......# #.#
#..#..P~P. ....^## #.# #.#P......
#.#### #+# ..#.....P. #.#.##
#.######## #....# #.# ###..##
##.##


You could see a rat (asleep).

Vanquished Creatures
  2 goblins (D:1)
  A kobold (D:1)
  A quokka (D:1)
  A ball python (D:1)
  A bat (D:1)
  2 rats (D:1)
8 creatures vanquished.

Notes
Turn   | Place    | Note
-------+----------+-------------------------------------------
     0 | D:1      | vishdafish the Demonspawn Conjurer began the quest for the
                  | Orb.
     0 | D:1      | Reached XP level 1. HP: 13/13 MP: 3/3
   349 | D:1      | Found a faded altar of an unknown god.
   497 | D:1      | Gained mutation: Your demonic aura sometimes causes spilled
                  | blood to erupt in flames. [demonic ancestry]
   497 | D:1      | Reached XP level 2. HP: 19/19 MP: 5/5
   514 | D:1      | Quit the game

Illustrated notes

Levels and vault maps discovered:
D:1:      shiori_angband_town, layout_loops_corners,
          shapermc_ecumenical_altar_mp_ritualfount

Skill      XL: |  1 |
---------------+----+-----
Stealth        | 2 |  2.0
Ranged Weapons | |  0.1
Dodging        | |  1.9
Spellcasting   | |  2.1
Conjurations   | |  4.1

Action                   || total
-------------------------++-------
 Fire: Sling             ||     6
 Cast: Magic Dart        ||     8
